 Dungeon Crawl Stone Soup version 0.30-a0-1018-g25214051b3 (webtiles) character file.

Game seed: 10421603315493723165

3303 DeathPants the Cleaver (level 9, -1/71 HPs)
             Began as a Demonspawn Gladiator on Apr 7, 2023.
             Was an Initiate of Gozag.
             Slain by Grum
             ... wielding a +1 spear
              (17 damage)
             ... on level 8 of the Dungeon.
             The game lasted 00:18:00 (6526 turns).

DeathPants the Cleaver (Demonspawn Gladiator)       Turns: 6526, Time: 00:18:00

Health: -1/71      AC:  7    Str: 24    XL:     9   Next: 70%
Magic:  16/16      EV: 13    Int: 11    God:    Gozag
Gold:   602        SH:  0    Dex: 20    Spells: 15/18 levels left

rFire   + . .      SeeInvis .    a - +0 war axe (freeze)
rCold   . . .      Faith    .    C - orb of Supple Strength {guile, rElec rF+ Regen+ Str+2}
rNeg    . . .      Spirit   .    b - +0 leather armour
rPois   +          Reflect  .    (helmet restricted)
rElec   +          Rampage  .    m - +2 cloak {rPois}
rCorr   .                        (no gloves)
Will    .....                    p - +0 pair of boots
Stlth   +++                      u - amulet of the acrobat
HPRegen 1.11/turn                h - +6 ring of strength
MPRegen 0.15/turn                (no ring)

@: mighty
A: horns 2, thin skeletal structure 2, powered by pain 1, demonic magic 2
a: Renounce Religion, Potion Petition, Call Merchant, Bribe Branch


You were on level 8 of the Dungeon.
You worshipped Gozag.
Gozag was pleased with you.
You visited 2 branches of the dungeon, and saw 9 of its levels.

You collected 717 gold pieces.
You paid 115 gold pieces to Gozag.

Inventory:

Hand Weapons
 a - a +0 war axe of freezing (weapon)
 v - a +4 flail
 y - a +4 dire flail of protection
 D - a +0 dagger of venom
Missiles
 c - 26 poisoned darts
 d - 2 throwing nets
 e - 6 javelins
 k - 6 datura-tipped darts
 t - 6 boomerangs
Armour
 b - a +0 leather armour (worn)
 m - a +2 cloak of poison resistance (worn)
 p - a +0 pair of boots (worn)
 C - the orb of Supple Strength (worn) {guile, rElec rF+ Regen+ Str+2}
   (You found it on level 6 of the Dungeon)

   Str:       It affects your strength (+2).
   rF:        It protects you from fire.
   rElec:     It insulates you from electricity.
   Regen:     It increases your rate of health regeneration.
Jewellery
 h - a +6 ring of strength (left hand)
 q - an amulet of magic regeneration
 u - an amulet of the acrobat (around neck)
Wands
 f - a wand of polymorph (6)
 l - a wand of charming (6)
 w - a wand of mindburst (15)
 B - a wand of flame (22)
Scrolls
 o - a scroll of poison
 x - a scroll of fear
 z - 3 scrolls of teleportation
 F - a scroll of vulnerability
Potions
 g - 4 potions of haste
 i - 2 potions of berserk rage
 j - 3 potions of attraction
 n - 4 potions of curing
 r - 2 potions of heal wounds
 s - 2 potions of mutation
 A - a potion of resistance {unknown}


   Skills:
 + Level 6.7 Fighting
 * Level 8.9 Axes
 - Level 1.7 Throwing
 - Level 2.6 Dodging
 - Level 5.0 Spellcasting
 + Level 5.5 Hexes


You had 15 spell levels left.
You knew the following spells:

 Your Spells              Type           Power      Damage    Failure   Level
a - Tukima's Dance        Hex            15%        N/A       8%          3

Your spell library contained the following spells:

 Spells                   Type           Power      Damage    Failure   Level
 Foxfire                  Conj/Fire      8%         2x1d4     24%         1
 Portal Projectile        Hex/Tloc       16%        N/A       24%         3
 Lesser Beckoning         Tloc           4%         N/A       36%         2
 Gell's Gravitas          Tloc           2%         N/A       58%         3
 Teleport Other           Tloc           2%         N/A       58%         3
 Leda's Liquefaction      Hex/Erth       4%         N/A       61%         4
 Olgreb's Toxic Radiance  Pois           2%         N/A       94%         4
 Blade Hands              Tmut           1%         N/A       100%        5
 Fireball                 Conj/Fire      1%         3d3       100%        5
 Lee's Rapid Deconstruct  Erth           1%         3d4*      100%        5
 Plasma Beam              Fire/Air       1%         2x1d12    100%        6
 Starburst                Conj/Fire      1%         6d3       100%        6
 Statue Form              Tmut/Erth      1%         N/A       100%        6
 Discord                  Hex            7%         N/A       100%        8
 Ignition                 Fire           1%         3d3       100%        8


Dungeon Overview and Level Annotations

Branches:
Dungeon (8/15)             Temple (1/1) D:5
   Lair: D:8-11

Altars:
Ashenzari
Cheibriados
Dithmenos
Fedhas
Gozag
Hepliaklqana
Nemelex Xobeh
Ru
Trog
Vehumet
Xom
Yredelemnul

Shops:
D:1 [

Annotations:
D:8 Grum


Innate Abilities, Weirdness & Mutations

You have a pair of horns on your head.
You have a moderately thin skeletal structure. (Dex +4, Stealth++)
You sometimes gain a little power by taking damage.
Spells you cast may paralyse nearby enemies.


Message History

The wolf misses you. The wolf closely misses you.
Grum the Hunter comes into view.
He is wielding a +1 spear.
You slash the wolf! You freeze the wolf.
You kill the wolf!
Grum misses you.
A kobold brigand comes into view.
It is wielding a +0 short sword and quivering poisoned darts.
You see here 5 gold pieces.
You completely miss Grum. Grum barely misses you.
You hit Grum. You freeze Grum. You headbutt Grum.
Grum is moderately wounded.
A wolf comes into view.
Grum barely misses you.
You barely miss Grum.
Grum is moderately wounded.
Grum closely misses you.
A kobold comes into view. It is wielding a +0 whip.
The wolf howls! x2
You hit Grum but do no damage.
Grum is lightly wounded.
You hear a shout! x2
Grum hits you but does no damage.
You barely miss Grum.
Grum is lightly wounded.
Grum hits you with a +1 spear!
You focus on the pain.
You feel very mighty all of a sudden.
You slash Grum! You freeze Grum.
Grum is heavily wounded.
Grum hits you with a +1 spear!!
You slash Grum! You freeze Grum.
Grum is almost dead.
Grum hits you with a +1 spear!
You barely miss Grum.
Grum is almost dead.
Grum hits you with a +1 spear!
* * * LOW HITPOINT WARNING * * *
You focus on the pain.
You feel mightier all of a sudden. Grum hits you with a +1 spear!
You die...
Your body crumbles into a pile of gold.

$ # #.####
#..<.# ##..#.#
# .....#@# .##
##.##.#g#...###
# #..Kh......
#.?........
#....#.####
........#
h######### .. .


You could see Grum, a kobold brigand and a wolf.

Vanquished Creatures
  A wyvern (D:3)
  A steam dragon (D:8)
  Edmund (D:6)
  Menkaure (D:4)
  A water moccasin (D:7)
  Duvessa (D:6)
  2 black bears
  An orc warrior (D:8)
  A sky beast (D:6)
  An ice beast (D:7)
  A wolf (D:8)
  A centaur (D:7)
  2 phantoms
  A kobold brigand (D:7)
  2 bullfrogs
  2 scorpions
  3 wights (D:7)
  Dowan (D:6)
  5 killer bees (D:5)
  A howler monkey (D:6)
  2 quasits (D:5)
  A jelly (D:4)
  Crazy Yiuf (D:2)
  4 orc priests
  3 hounds
  A scorpion zombie (D:4)
  A sleepcap (D:5)
  3 iguanas
  8 orc wizards
  8 adders
  A shadow imp (D:5)
  A white imp (D:5)
  3 ufetubi
  3 adder zombies (D:4)
  A worm (D:4)
  26 orcs
  7 ball pythons
  8 bats
  7 endoplasms
  4 giant cockroaches
  10 goblins
  18 hobgoblins
  5 jackals
  4 quokkas
  4 frilled lizards
  11 kobolds
  6 rats
181 creatures vanquished.

Vanquished Creatures (collateral kills)
  Sigmund (D:6)
  2 kobolds (D:7)
3 creatures vanquished.

Vanquished Creatures (others)
  2 demonic plants (D:5)
2 creatures vanquished.

Grand Total: 186 creatures vanquished

Notes
Turn   | Place    | Note
-------+----------+-------------------------------------------
     0 | D:1      | DeathPants the Demonspawn Gladiator began the quest for the
                  | Orb.
     0 | D:1      | Reached XP level 1. HP: 16/16 MP: 1/1
   168 | D:1      | Reached skill level 3 in Axes
   203 | D:1      | Gained mutation: You have a pair of small horns on your
                  | head. [demonic ancestry]
   203 | D:1      | Reached XP level 2. HP: 18/22 MP: 2/2
   259 | D:1      | Found Iwkilihe's Armour Emporium.
   531 | D:1      | Gained mutation: Spells you cast may paralyse adjacent
                  | enemies. [demonic ancestry]
   531 | D:1      | Reached XP level 3. HP: 22/28 MP: 3/3
   801 | D:1      | Found a faded altar of an unknown god.
  1425 | D:2      | Reached skill level 4 in Axes
  1433 | D:2      | Gained mutation: You have a somewhat thin skeletal
                  | structure. (Dex +2, Stealth+) [demonic ancestry]
  1433 | D:2      | Reached XP level 4. HP: 34/34 MP: 4/4
  1689 | D:2      | Found a runed translucent door.
  1690 | D:2      | Noticed Crazy Yiuf
  1697 | D:2      | Killed Crazy Yiuf
  2182 | D:3      | Learned a level 3 spell: Tukima's Dance
  2362 | D:3      | Gained mutation: You sometimes gain a little power by
                  | taking damage. [demonic ancestry]
  2362 | D:3      | Reached XP level 5. HP: 41/41 MP: 5/5
  2417 | D:4      | Noticed a wyvern
  2483 | D:3      | Killed a wyvern
  2484 | D:3      | Reached skill level 5 in Axes
  2484 | D:3      | Reached skill level 1 in Spellcasting
  2484 | D:3      | Reached skill level 1 in Hexes
  2484 | D:3      | Gained mutation: You have a pair of horns on your head.
                  | [demonic ancestry]
  2484 | D:3      | Reached XP level 6. HP: 14/48 MP: 5/7
  3098 | D:5      | Entered Level 5 of the Dungeon
  3160 | D:4      | Gained mutation: Spells you cast may paralyse nearby
                  | enemies. [demonic ancestry]
  3160 | D:4      | Reached XP level 7. HP: 54/54 MP: 9/9
  3187 | D:4      | Found a basalt altar of Yredelemnul.
  3484 | D:4      | Noticed Menkaure
  3485 | D:4      | You fall into a shaft and drop 3 floors!
  3658 | D:6      | Reached skill level 6 in Axes
  4109 | D:5      | Found a sacrificial altar of Ru.
  4219 | D:5      | Found a staircase to the Ecumenical Temple.
  4229 | Temple   | Entered the Ecumenical Temple
  4234 | Temple   | Became a worshipper of Gozag Ym Sagoz the Greedy
  4277 | D:5      | Gained mutation: You have a moderately thin skeletal
                  | structure. (Dex +4, Stealth++) [demonic ancestry]
  4277 | D:5      | Reached XP level 8. HP: 57/61 MP: 12/12
  4339 | D:5      | Reached skill level 5 in Fighting
  4638 | D:4      | Reached skill level 7 in Axes
  4731 | D:4      | Killed Menkaure
  5499 | D:6      | Noticed Edmund
  5516 | D:6      | Killed Edmund
  5666 | D:6      | Noticed Dowan
  5668 | D:6      | Noticed Duvessa
  5681 | D:6      | Killed Duvessa
  5691 | D:6      | Killed Dowan
  5697 | D:6      | Identified the orb of Supple Strength {guile, rElec rF+
                  | Regen+ Str+2}
  5915 | D:6      | Reached XP level 9. HP: 69/69 MP: 15/15
  5986 | D:6      | Noticed Sigmund
  5990 | D:6      | Killed Sigmund
  6187 | D:7      | Reached skill level 8 in Axes
  6243 | D:7      | Reached skill level 5 in Hexes
  6506 | D:8      | Reached skill level 5 in Spellcasting
  6516 | D:8      | Noticed Grum
  6526 | D:8      | Slain by Grum

Illustrated notes

Levels and vault maps discovered:
D:1:      psy_arrival_conway, layout_basic, serial_shops, shop,
          hellmonk_ecumenical_altar_crossroads, serial_park_tiny_pond
D:2:      minmay_diamond_boxcup, layout_rooms, kennysheep_generic_room_5,
          uniq_crazy_yiuf_cottage
D:3:      layout_loops_corners
D:4:      layout_loops_cross, good_gods_temple_1,
          nicolae_yredelemnul_corpse_copse, dk_vineyard_1, minmay_bent,
          uniq_menkaure
D:5:      layout_gridville, nicolae_ru_the_path_less_chosen, temple_hall,
          serial_demonic, serial_demonic_b, serial_demonic_d, serial_demonic_d,
          serial_demonic_b
D:6:      layout_gridville, minmay_misc_feat_x, uniq_edmund, uniq_sigmund,
          uniq_duvessa
D:7:      layout_loops_ring, lemuel_coloured_pillars_altar,
          mainiacjoe_overflow_alcove_2, uniq_joseph
D:8:      layout_loops_ring, dpeg_lair_monsters, uniq_grum
Temple:   nicolae_temple_ecumenical_triangle

Skill      XL: |  1  2  3  4  5  6  7  8  9 |
---------------+----------------------------+-----
Axes           | 3 4 5 6 7 8 |  8.9
Fighting       | 3 4 5 6 |  6.7
Spellcasting   | 1 2 4 5 |  5.0
Hexes          | 1 2 3 4 5 |  5.5
Throwing       | |  1.7
Dodging        | |  2.6

Action                     |  1- 3 |  4- 6 |  7- 9 || total
---------------------------+-------+-------+-------++-------
  Melee: War axe           |    97 |    99 |   269 ||   465
         Headbutt          |     7 |    16 |    49 ||    72
         Unarmed           |       |     2 |       ||     2
         Punch             |       |     1 |       ||     1
         Flail             |       |    16 |       ||    16
  Throw: Throwing net      |       |     1 |     1 ||     2
   Cast: Tukima's Dance    |       |       |     4 ||     4
    Use: Scroll            |       |     3 |    12 ||    15
         Potion            |       |     1 |     1 ||     2
   Stab: Sleeping          |       |     3 |     8 ||    11
         Paralysed         |       |       |     5 ||     5
 Armour: Leather armour    |    48 |    44 |    80 ||   172
  Dodge: Dodged            |   103 |    92 |   225 ||   420

Table legend: (Time is in decaauts)
 A = Elapsed time spent in this place.
 B = Non-inter-level travel time spent in this place.
 C = Inter-level travel time spent in this place.
 D = Time resting spent in this place.
 E = Time spent auto-exploring this place.
 F = Levels seen in this place.
 G = Mean time per level.
                   A        B        C        D        E       F      G
               +--------+--------+--------+--------+--------+-----+--------+
         Total |   6650 |   6489 |    161 |    295 |   4389 |   9 |  738.9 |
       Dungeon |   6639 |   6482 |    157 |    295 |   4389 |   8 |  829.9 |
        Temple |     10 |      6 |      4 |      0 |      0 |   1 |   10.0 |
               +--------+--------+--------+--------+--------+-----+--------+

Top non-repeatable levels by time:
     D:4: 1327 daAuts
     D:3: 1083 daAuts
     D:1: 1075 daAuts
     D:5: 1045 daAuts
     D:6: 934 daAuts
     D:2: 795 daAuts
     D:7: 342 daAuts
     D:8: 34 daAuts
  Temple: 10 daAuts
